Nashville Predators vs Chicago Blackhawks
Created - vendredi, 28 novembre 2025 at 19:00
Goals
|
| Nashville Predators |
1 |
3 |
0 |
4 |
| Chicago Blackhawks |
0 |
2 |
0 |
2 |
|
Shots
|
| Nashville Predators |
18 |
13 |
13 |
44 |
| Chicago Blackhawks |
14 |
14 |
11 |
39 |
|
1st period
1. Nashville Predators , Seth Jarvis 9 (Roman Josi 13, Samuel Girard 5) at 7:07 (PP)
Penalties :
Jacob Trouba (CHI) for Hooking (Minor) at 5:16, Philipp Kurashev (CHI) for Holding Stick (Minor) at 8:58, Kieffer Bellows (NSH) for Roughing (Minor) at 17:22
2nd period
2. Chicago Blackhawks , Philipp Kurashev 2 (Viktor Arvidsson 9, Jacob Trouba 11) at 0:42
3. Chicago Blackhawks , Jakub Vrana 3 (Michael Rasmussen 5) at 12:41
4. Nashville Predators , Kevin Fiala 10 (Nino Niederreiter 6, Kiefer Sherwood 8) at 15:15 (PP)
5. Nashville Predators , Matt Duchene 4 (Seth Jarvis 11, Matt Grzelcyk 7) at 18:18
6. Nashville Predators , Steven Stamkos 8 (Cole Caufield 9, Matt Grzelcyk 8) at 19:24
Penalties :
Dmitri Voronkov (CHI) for Slashing (Minor) at 1:30, Matt Rempe (CHI) for Slashing (Minor) at 4:01, Viktor Arvidsson (CHI) for Interference (Minor) at 9:04, Jacob Trouba (CHI) for Delaying the game (Minor) at 13:23
3rd period
No Goal
Penalties :
Adam Wilsby (NSH) for High sticking (Minor) at 4:21, Adam Boqvist (CHI) for Interference (Minor) at 9:45, Philippe Myers (CHI) for Hooking (Minor) at 12:24, Seth Jarvis (NSH) for Tripping (Minor) at 17:26
Goalie Stats
Casey DeSmith (NSH), 37 saves from 39 shots - (0.949), W, 10-9-0, 60:00 minutes
Arvid Soderblom (CHI), 40 saves from 44 shots - (0.909), L, 10-8-0, 60:00 minutes
Players Stats for Nashville Predators
Player Name G A P +/- PIM S H SB GA TA FO MP PP MP PK MP
------------------------------------------------------------------------------------
Adam Wilsby 0 0 0 0 2 0 1 1 0 0 0/0 15:26 0:00 0:23
Cole Caufield 0 1 1 0 0 2 0 0 0 0 0/3 18:07 8:07 0:00
Cole Schwindt 0 0 0 0 0 0 0 0 0 0 0/0 7:03 0:00 0:00
Colin Blackwell 0 0 0 0 0 1 0 0 0 0 0/2 10:48 0:00 0:00
Filip Forsberg 0 0 0 0 0 7 1 0 0 0 1/3 20:28 7:07 2:46
Kevin Fiala 1 0 1 0 0 5 1 0 0 0 0/4 19:26 8:30 0:56
Kiefer Sherwood 0 1 1 0 0 1 4 0 0 0 8/17 11:37 0:49 0:00
Kieffer Bellows 0 0 0 0 2 0 3 0 0 0 2/3 7:02 0:00 0:00
Marc Del Gaizo 0 0 0 0 0 0 2 0 0 0 0/0 16:06 0:37 0:41
Matt Duchene 1 0 1 0 0 4 1 0 0 0 1/3 20:27 6:41 3:11
Matt Grzelcyk 0 2 2 0 0 1 0 2 0 0 0/0 20:46 7:28 2:30
Nino Niederreiter 0 1 1 0 0 4 0 0 0 0 0/0 11:28 0:23 0:17
Parker Wotherspoon 0 0 0 0 0 3 1 0 0 0 0/0 20:13 7:17 2:08
Roman Josi 0 1 1 0 0 5 1 1 0 0 0/0 24:03 8:09 3:04
Samuel Girard 0 1 1 0 0 1 2 0 0 0 0/0 22:45 7:43 2:28
Seth Jarvis 1 1 2 0 2 6 3 0 0 0 16/39 19:46 7:07 2:05
Shane Wright 0 0 0 0 0 1 0 0 0 0 4/13 8:04 0:00 1:01
Steven Stamkos 1 0 1 0 0 3 1 0 0 0 15/26 20:25 8:07 2:18
Players Stats for Chicago Blackhawks
Player Name G A P +/- PIM S H SB GA TA FO MP PP MP PK MP
------------------------------------------------------------------------------------
Adam Boqvist 0 0 0 0 2 1 1 0 0 0 0/0 20:03 2:02 5:57
Corey Perry 0 0 0 -1 0 2 1 0 0 0 4/12 10:04 1:40 0:00
Dmitri Voronkov 0 0 0 -1 2 2 0 0 0 0 4/7 13:08 2:26 0:50
Jacob Trouba 0 1 1 0 4 3 1 2 0 0 0/0 21:49 2:24 6:04
Jakub Vrana 1 0 1 1 0 5 1 0 0 0 0/1 12:24 2:27 0:00
Jamie Drysdale 0 0 0 1 0 1 0 1 0 0 0/0 22:14 2:01 7:10
Jesse Puljujarvi 0 0 0 1 0 5 1 0 0 0 2/2 12:24 2:27 0:00
John Klingberg 0 0 0 0 0 1 0 1 0 0 0/0 18:10 1:44 3:47
Kasperi Kapanen 0 0 0 -1 0 2 1 0 0 0 0/2 18:23 1:06 7:30
Matt Rempe 0 0 0 -1 2 1 2 0 0 0 1/2 8:37 0:10 0:00
Michael Rasmussen 0 1 1 1 0 2 3 0 0 0 22/34 19:47 2:27 7:23
Olli Maatta 0 0 0 0 0 1 1 1 0 0 0/0 19:15 0:39 6:47
Philipp Kurashev 1 0 1 1 2 3 1 0 0 0 19/34 18:38 2:14 6:11
Philippe Myers 0 0 0 0 2 1 2 0 0 0 0/0 14:34 0:10 1:11
Sean Kuraly 0 0 0 -1 0 0 0 0 0 0 13/16 10:28 0:37 0:00
Tyler Bertuzzi 0 0 0 1 0 4 1 0 0 0 0/0 13:45 2:14 1:17
Viktor Arvidsson 0 1 1 0 2 3 0 0 0 0 1/2 18:49 2:14 5:49
Zachary Bolduc 0 0 0 -1 0 2 0 0 0 0 0/1 11:43 0:43 2:32
3 Stars
1 - Casey DeSmith (NSH)
2 - Seth Jarvis (NSH)
3 - Steven Stamkos (NSH)
Power Play
Nashville Predators - 2 on 8 Attempt(s) - 25.00%
Chicago Blackhawks - 0 on 3 Attempt(s) - 0.00%
Penalty Kill
Nashville Predators - 3 on 3 Attempt(s) - 100.00%
- Score 0 goal in Penalty Kill
Chicago Blackhawks - 6 on 8 Attempt(s) - 75.00%
- Score 0 goal in Penalty Kill
Team Stat
Nashville Predators - Hits : 21 - Faceoff Wins : 47 - Blocked Shots : 4 - Penalty Minutes : 6
Chicago Blackhawks - Hits : 16 - Faceoff Wins : 66 - Blocked Shots : 5 - Penalty Minutes : 16
Official
Referees : Frederick L'Ecuyer and Gord Dwyer
Linesman : Scott Cherrey and Bryan Pancich
Game Notes
No Game Note
Finance
Level 1 -- Attendance: 8095 (72.28%) -- Ticket Income $ 744 740
Level 2 -- Attendance: 1857 (80.74%) -- Ticket Income $ 133 704
Level 3 -- Attendance: 2815 (72.18%) -- Ticket Income $ 126 675
Level 4 -- Attendance: 1413 (91.16%) -- Ticket Income $ 40 977
Luxury Box -- Attendance: 36 (72.00%) -- Ticket Income $ 8 280
Game was played at the United Center.
Total Attendance: 14216 (74.82%)
Total Ticket Income: $ 1 054 376
Total Income: $ 1 054 376
Nashville Predators
5 vs 5 Forward
Center Left Wing Right Wing Time % Phy DF OF
1 Seth Jarvis Matt Duchene Filip Forsberg 30 1 2 2
2 Steven Stamkos Kevin Fiala Cole Caufield 30 1 2 2
3 Kiefer Sherwood Nino Niederreiter Colin Blackwell 25 1 2 2
4 Shane Wright Cole Schwindt Kieffer Bellows 15 1 2 2
5 vs 5 Defense
Defense Defense Time % Phy DF OF
1 Roman Josi Samuel Girard 30 1 2 2
2 Matt Grzelcyk Parker Wotherspoon 30 1 2 2
3 Marc Del Gaizo Adam Wilsby 25 1 2 2
4 Roman Josi Samuel Girard 15 1 2 2
PowerPlay Forward
Center Left Wing Right Wing Time % Phy DF OF
1 Seth Jarvis Matt Duchene Filip Forsberg 50 1 2 2
2 Steven Stamkos Kevin Fiala Cole Caufield 50 1 2 2
PowerPlay Defense
Defense Defense Time % Phy DF OF
1 Roman Josi Samuel Girard 50 1 2 2
2 Matt Grzelcyk Parker Wotherspoon 50 1 2 2
Penalty Kill 4 Players Forward
Center Wing Time % Phy DF OF
1 Seth Jarvis Matt Duchene 50 1 2 2
2 Filip Forsberg Steven Stamkos 50 1 2 2
Penalty Kill 4 Players Defense
Defense Defense Time % Phy DF OF
1 Roman Josi Samuel Girard 50 1 2 2
2 Matt Grzelcyk Parker Wotherspoon 50 1 2 2
Penalty Kill - 3 Players Forward
Forward Time % Phy DF OF
1 Seth Jarvis 50 1 2 2
2 Matt Duchene 50 1 2 2
Penalty Kill - 3 Players Defense
Defense Defense Time % Phy DF OF
1 Roman Josi Samuel Girard 50 1 2 2
2 Matt Grzelcyk Parker Wotherspoon 50 1 2 2
4 vs 4 Forward
Center Wing Time % Phy DF OF
1 Seth Jarvis Matt Duchene 50 1 2 2
2 Filip Forsberg Steven Stamkos 50 1 2 2
4 vs 4 Defense
Defense Defense Time % Phy DF OF
1 Roman Josi Samuel Girard 50 1 2 2
2 Matt Grzelcyk Parker Wotherspoon 50 1 2 2
Last Minutes Offensive
Center Left Wing Right Wing Defense Defense
Seth Jarvis Matt Duchene Filip Forsberg Roman Josi Samuel Girard
Last Minutes Defensive
Center Left Wing Right Wing Defense Defense
Seth Jarvis Matt Duchene Filip Forsberg Roman Josi Samuel Girard
Goaltenders
Starting : Casey DeSmith
Backup : Mads Sogaard
Extra Forwards
Normal : Kiefer Sherwood, Nino Niederreiter, Shane Wright - PP : Kiefer Sherwood, Nino Niederreiter - PK : Shane Wright
Extra Defensemen
Normal : Marc Del Gaizo, Adam Wilsby, Matt Grzelcyk - PP : Marc Del Gaizo - PK : Adam Wilsby, Matt Grzelcyk
Penalty Shots
Seth Jarvis, Matt Duchene, Filip Forsberg, Steven Stamkos, Kevin Fiala
Custom OT Lines Forwards
Seth Jarvis, Matt Duchene, Filip Forsberg, Steven Stamkos, Kevin Fiala, Cole Caufield, Kiefer Sherwood, Nino Niederreiter, Shane Wright, Colin Blackwell
Custom OT Lines Defensemen
Roman Josi, Samuel Girard, Matt Grzelcyk, Parker Wotherspoon, Marc Del Gaizo
Scratches
Jeremy Lauzon (Healthy)
Chicago Blackhawks
5 vs 5 Forward
Center Left Wing Right Wing Time % Phy DF OF
1 Philipp Kurashev Tyler Bertuzzi Viktor Arvidsson 30 1 1 3
2 Michael Rasmussen Jakub Vrana Jesse Puljujarvi 30 1 2 2
3 Sean Kuraly Dmitri Voronkov Kasperi Kapanen 25 1 3 1
4 Corey Perry Matt Rempe Zachary Bolduc 15 3 1 1
5 vs 5 Defense
Defense Defense Time % Phy DF OF
1 Jacob Trouba Jamie Drysdale 30 1 2 2
2 Olli Maatta Adam Boqvist 30 1 2 2
3 Philippe Myers John Klingberg 25 1 2 2
4 Jacob Trouba Jamie Drysdale 15 1 2 2
PowerPlay Forward
Center Left Wing Right Wing Time % Phy DF OF
1 Philipp Kurashev Tyler Bertuzzi Viktor Arvidsson 60 1 1 3
2 Dmitri Voronkov Michael Rasmussen Jesse Puljujarvi 40 1 1 3
PowerPlay Defense
Defense Defense Time % Phy DF OF
1 Jakub Vrana Jamie Drysdale 50 1 1 3
2 Adam Boqvist Jacob Trouba 50 1 1 3
Penalty Kill 4 Players Forward
Center Wing Time % Phy DF OF
1 Michael Rasmussen Viktor Arvidsson 50 1 3 1
2 Philipp Kurashev Kasperi Kapanen 50 1 3 1
Penalty Kill 4 Players Defense
Defense Defense Time % Phy DF OF
1 Olli Maatta Jamie Drysdale 50 1 3 1
2 Jacob Trouba Adam Boqvist 50 1 3 1
Penalty Kill - 3 Players Forward
Forward Time % Phy DF OF
1 Sean Kuraly 50 2 3 0
2 Philipp Kurashev 50 1 3 1
Penalty Kill - 3 Players Defense
Defense Defense Time % Phy DF OF
1 Jacob Trouba Adam Boqvist 50 2 3 0
2 Olli Maatta Jamie Drysdale 50 1 3 1
4 vs 4 Forward
Center Wing Time % Phy DF OF
1 Michael Rasmussen Jesse Puljujarvi 50 1 3 1
2 Sean Kuraly Matt Rempe 50 2 3 0
4 vs 4 Defense
Defense Defense Time % Phy DF OF
1 Adam Boqvist Olli Maatta 80 1 3 1
2 Jamie Drysdale Jacob Trouba 20 1 3 1
Last Minutes Offensive
Center Left Wing Right Wing Defense Defense
Dmitri Voronkov Tyler Bertuzzi Corey Perry Olli Maatta Adam Boqvist
Last Minutes Defensive
Center Left Wing Right Wing Defense Defense
Dmitri Voronkov Tyler Bertuzzi Corey Perry Olli Maatta Adam Boqvist
Goaltenders
Starting : Arvid Soderblom
Backup : Justus Annunen
Extra Forwards
Normal : Dmitri Voronkov, Corey Perry, Zachary Bolduc - PP : Corey Perry, Michael Rasmussen - PK : Zachary Bolduc
Extra Defensemen
Normal : Olli Maatta, Adam Boqvist, Philippe Myers - PP : Jacob Trouba - PK : Jamie Drysdale, Olli Maatta
Penalty Shots
Dmitri Voronkov, Michael Rasmussen, Corey Perry, Zachary Bolduc, Philipp Kurashev
Custom OT Lines Forwards
Zachary Bolduc, Dmitri Voronkov, Tyler Bertuzzi, Corey Perry, Michael Rasmussen, Jakub Vrana, Sean Kuraly, Jesse Puljujarvi, Philipp Kurashev, Viktor Arvidsson
Custom OT Lines Defensemen
Jamie Drysdale, Adam Boqvist, Philippe Myers, Jacob Trouba, Olli Maatta
Scratches
Max Jones (Healthy), Georgi Romanov (Strained Right Elbow Injury)
% Time on Ice - Nashville Predators
Lines # - Real PCT - Wanted PCT - Time Play
Normal Forward
1 - 28% - 30% - 10:35
2 - 26% - 30% - 10:00
3 - 28% - 25% - 10:48
4 - 18% - 15% - 7:03
Normal Defense
1 - 28% - 30% - 10:36
2 - 28% - 30% - 10:48
3 - 39% - 25% - 15:04
4 - 5% - 15% - 1:58
PP Forward
1 - 46% - 50% - 7:07
2 - 54% - 50% - 8:30
PP Defense
1 - 52% - 50% - 8:09
2 - 48% - 50% - 7:28
PK Forward
1 - 55% - 50% - 3:17
2 - 45% - 50% - 2:40
PK Defense
1 - 58% - 50% - 3:27
2 - 42% - 50% - 2:30
PK3 Forward
1 - 0% - 50%
2 - 0% - 50%
PK3 Defense
1 - 0% - 50%
2 - 0% - 50%
44 Forward
1 - 0% - 50%
2 - 0% - 50%
44 Defense
1 - 0% - 50%
2 - 0% - 50%
Last Minute Offensive - 0:00
Last Minute Defensive - 0:00
Total
Forward - 60:00
Defense - 60:00
|
% Time on Ice - Chicago Blackhawks
Lines # - Real PCT - Wanted PCT - Time Play
Normal Forward
1 - 27% - 30% - 10:14
2 - 26% - 30% - 9:57
3 - 25% - 25% - 9:47
4 - 22% - 15% - 8:28
Normal Defense
1 - 29% - 30% - 11:18
2 - 30% - 30% - 11:40
3 - 34% - 25% - 13:10
4 - 6% - 15% - 2:18
PP Forward
1 - 42% - 60% - 2:30
2 - 58% - 40% - 3:27
PP Defense
1 - 43% - 50% - 2:35
2 - 57% - 50% - 3:22
PK Forward
1 - 51% - 50% - 8:02
2 - 49% - 50% - 7:35
PK Defense
1 - 33% - 50% - 5:11
2 - 67% - 50% - 10:26
PK3 Forward
1 - 0% - 50%
2 - 0% - 50%
PK3 Defense
1 - 0% - 50%
2 - 0% - 50%
44 Forward
1 - 0% - 50%
2 - 0% - 50%
44 Defense
1 - 0% - 80%
2 - 0% - 20%
Last Minute Offensive - 0:00
Last Minute Defensive - 0:00
Total
Forward - 60:00
Defense - 60:00
|
Play-by-Play
1st period
0:01 of 1st period - Seth Jarvis wins face-off versus Philipp Kurashev in neutral zone.
0:17 of 1st period - Shot by Tyler Bertuzzi.
0:17 of 1st period - Stopped by Casey DeSmith with a rebound.
0:23 of 1st period - Shot by Matt Duchene.
0:23 of 1st period - Stopped by Arvid Soderblom without a rebound.
0:24 of 1st period - Steven Stamkos wins face-off versus Michael Rasmussen in Chicago Blackhawks zone.
0:31 of 1st period - Shot by Kevin Fiala.
0:31 of 1st period - Shot Misses the Net.
0:43 of 1st period - Shot by Jakub Vrana.
0:43 of 1st period - Shot Misses the Net.
0:45 of 1st period - Shot by Michael Rasmussen.
0:45 of 1st period - Shot Misses the Net.
0:47 of 1st period - Shot by Michael Rasmussen.
0:47 of 1st period - Stopped by Casey DeSmith without a rebound.
0:48 of 1st period - Kiefer Sherwood wins face-off versus Kasperi Kapanen in Nashville Predators zone.
0:54 of 1st period - Icing by Adam Wilsby.
0:55 of 1st period - Corey Perry wins face-off versus Colin Blackwell in Nashville Predators zone.
1:01 of 1st period - Off-side.
1:02 of 1st period - Sean Kuraly wins face-off versus Shane Wright in neutral zone.
1:04 of 1st period - John Klingberg is hit by Kieffer Bellows and loses puck.
1:19 of 1st period - Shot by Shane Wright.
1:19 of 1st period - Stopped by Arvid Soderblom without a rebound.
1:20 of 1st period - Corey Perry wins face-off versus Colin Blackwell in Chicago Blackhawks zone.
1:38 of 1st period - Shot by Jamie Drysdale.
1:38 of 1st period - Stopped by Casey DeSmith without a rebound.
1:39 of 1st period - Philipp Kurashev wins face-off versus Seth Jarvis in Nashville Predators zone.
1:59 of 1st period - Icing by Roman Josi.
2:00 of 1st period - Michael Rasmussen wins face-off versus Seth Jarvis in Nashville Predators zone.
2:03 of 1st period - Shot by Jakub Vrana.
2:03 of 1st period - Stopped by Casey DeSmith without a rebound.
2:04 of 1st period - Michael Rasmussen wins face-off versus Kevin Fiala in Nashville Predators zone.
2:21 of 1st period - Shot by Jesse Puljujarvi.
2:21 of 1st period - Stopped by Casey DeSmith without a rebound.
2:22 of 1st period - Shane Wright wins face-off versus Sean Kuraly in Nashville Predators zone.
2:27 of 1st period - Kasperi Kapanen is hit by Kieffer Bellows and loses puck.
2:31 of 1st period - Philippe Myers is hit by Kieffer Bellows and loses puck.
3:03 of 1st period - Icing by Roman Josi.
3:04 of 1st period - Michael Rasmussen wins face-off versus Shane Wright in Nashville Predators zone.
3:11 of 1st period - Shot by Jakub Vrana.
3:11 of 1st period - Shot Blocked by Roman Josi.
3:13 of 1st period - Shot by Jacob Trouba.
3:13 of 1st period - Stopped by Casey DeSmith without a rebound.
3:14 of 1st period - Philipp Kurashev wins face-off versus Steven Stamkos in Nashville Predators zone.
4:15 of 1st period - Icing by Jacob Trouba.
4:16 of 1st period - Michael Rasmussen wins face-off versus Seth Jarvis in Chicago Blackhawks zone.
4:31 of 1st period - Shot by Filip Forsberg.
4:31 of 1st period - Stopped by Arvid Soderblom without a rebound.
4:32 of 1st period - Kiefer Sherwood wins face-off versus Matt Rempe in Chicago Blackhawks zone.
4:49 of 1st period - Kiefer Sherwood is hit by Philippe Myers and loses puck.
4:53 of 1st period - Icing by John Klingberg.
4:54 of 1st period - Seth Jarvis wins face-off versus Corey Perry in Chicago Blackhawks zone.
4:55 of 1st period - Shot by Matt Duchene.
4:55 of 1st period - Stopped by Arvid Soderblom without a rebound.
4:56 of 1st period - Sean Kuraly wins face-off versus Seth Jarvis in Chicago Blackhawks zone.
5:07 of 1st period - Shot by Dmitri Voronkov.
5:07 of 1st period - Shot Misses the Net.
5:16 of 1st period - Minor Penalty to Jacob Trouba for Hooking.
5:17 of 1st period - Steven Stamkos wins face-off versus Michael Rasmussen in Chicago Blackhawks zone.
5:34 of 1st period - Shot by Roman Josi.
5:34 of 1st period - Stopped by Arvid Soderblom without a rebound.
5:35 of 1st period - Seth Jarvis wins face-off versus Philipp Kurashev in Chicago Blackhawks zone.
6:40 of 1st period - Shot by Kevin Fiala.
6:40 of 1st period - Stopped by Arvid Soderblom without a rebound.
6:41 of 1st period - Philipp Kurashev wins face-off versus Seth Jarvis in Chicago Blackhawks zone.
7:01 of 1st period - Shot by Filip Forsberg.
7:01 of 1st period - Shot Misses the Net.
7:05 of 1st period - Shot by Roman Josi.
7:05 of 1st period - Shot Misses the Net.
7:07 of 1st period - Shot by Seth Jarvis.
7:07 of 1st period - Goal by Seth Jarvis - Nashville Predators : 1 - Chicago Blackhawks : 0.
7:08 of 1st period - Kiefer Sherwood wins face-off versus Corey Perry in neutral zone.
7:08 of 1st period - Colin Blackwell is hit by Matt Rempe and loses puck.
7:23 of 1st period - Shot by Nino Niederreiter.
7:23 of 1st period - Deflect By Kiefer Sherwood.
7:23 of 1st period - Stopped by Arvid Soderblom without a rebound.
7:24 of 1st period - Michael Rasmussen wins face-off versus Kevin Fiala in Chicago Blackhawks zone.
7:33 of 1st period - Shot by Jesse Puljujarvi.
7:33 of 1st period - Shot Blocked by Matt Grzelcyk.
7:55 of 1st period - Shot by Kevin Fiala.
7:55 of 1st period - Stopped by Arvid Soderblom with a rebound.
8:06 of 1st period - Icing by Olli Maatta.
8:07 of 1st period - Kiefer Sherwood wins face-off versus Michael Rasmussen in Chicago Blackhawks zone.
8:16 of 1st period - Shot by Nino Niederreiter.
8:16 of 1st period - Stopped by Arvid Soderblom without a rebound.
8:17 of 1st period - Philipp Kurashev wins face-off versus Seth Jarvis in Chicago Blackhawks zone.
8:30 of 1st period - Shot by Seth Jarvis.
8:30 of 1st period - Stopped by Arvid Soderblom without a rebound.
8:31 of 1st period - Sean Kuraly wins face-off versus Kiefer Sherwood in Chicago Blackhawks zone.
8:45 of 1st period - Shot by Kasperi Kapanen.
8:45 of 1st period - Stopped by Casey DeSmith without a rebound.
8:46 of 1st period - Seth Jarvis wins face-off versus Philipp Kurashev in Nashville Predators zone.
8:48 of 1st period - Filip Forsberg is hit by Philipp Kurashev and loses puck.
8:58 of 1st period - Minor Penalty to Philipp Kurashev for Holding Stick.
8:59 of 1st period - Steven Stamkos wins face-off versus Zachary Bolduc in Chicago Blackhawks zone.
9:06 of 1st period - Shot by Steven Stamkos.
9:06 of 1st period - Shot Misses the Net.
9:18 of 1st period - Shot by Cole Caufield.
9:18 of 1st period - Stopped by Arvid Soderblom with a rebound.
9:22 of 1st period - Shot by Parker Wotherspoon.
9:22 of 1st period - Stopped by Arvid Soderblom without a rebound.
9:23 of 1st period - Michael Rasmussen wins face-off versus Seth Jarvis in Chicago Blackhawks zone.
10:32 of 1st period - Shot by Cole Caufield.
10:32 of 1st period - Shot Misses the Net.
10:34 of 1st period - Shot by Kevin Fiala.
10:34 of 1st period - Stopped by Arvid Soderblom with a rebound.
10:36 of 1st period - Shot by Matt Grzelcyk.
10:36 of 1st period - Shot Misses the Net.
10:38 of 1st period - Shot by Parker Wotherspoon.
10:38 of 1st period - Stopped by Arvid Soderblom without a rebound.
10:39 of 1st period - Steven Stamkos wins face-off versus Michael Rasmussen in Chicago Blackhawks zone.
11:01 of 1st period - Steven Stamkos is hit by Adam Boqvist and loses puck.
11:12 of 1st period - Shot by Nino Niederreiter.
11:12 of 1st period - Stopped by Arvid Soderblom with a rebound.
11:51 of 1st period - Icing by Samuel Girard.
11:52 of 1st period - Kieffer Bellows wins face-off versus Philipp Kurashev in Nashville Predators zone.
12:01 of 1st period - Shot by Viktor Arvidsson.
12:01 of 1st period - Stopped by Casey DeSmith with a rebound.
12:03 of 1st period - Shot by John Klingberg.
12:03 of 1st period - Shot Misses the Net.
12:05 of 1st period - Shot by Philipp Kurashev.
12:05 of 1st period - Stopped by Casey DeSmith without a rebound.
12:06 of 1st period - Seth Jarvis wins face-off versus Michael Rasmussen in Nashville Predators zone.
12:11 of 1st period - Olli Maatta is hit by Matt Duchene and loses puck.
12:24 of 1st period - Shot by Michael Rasmussen.
12:24 of 1st period - Stopped by Casey DeSmith without a rebound.
12:25 of 1st period - Steven Stamkos wins face-off versus Philipp Kurashev in Nashville Predators zone.
12:25 of 1st period - Steven Stamkos is hit by Tyler Bertuzzi.
12:55 of 1st period - Shot by Cole Caufield.
12:55 of 1st period - Stopped by Arvid Soderblom without a rebound.
12:56 of 1st period - Sean Kuraly wins face-off versus Matt Duchene in Chicago Blackhawks zone.
13:05 of 1st period - Shot by Dmitri Voronkov.
13:05 of 1st period - Shot Misses the Net.
13:59 of 1st period - Shot by Nino Niederreiter.
13:59 of 1st period - Stopped by Arvid Soderblom without a rebound.
14:00 of 1st period - Michael Rasmussen wins face-off versus Steven Stamkos in Chicago Blackhawks zone.
14:08 of 1st period - Kevin Fiala is hit by Michael Rasmussen and loses puck.
14:40 of 1st period - Icing by John Klingberg.
14:41 of 1st period - Jesse Puljujarvi wins face-off versus Seth Jarvis in Chicago Blackhawks zone.
15:16 of 1st period - Matt Duchene is hit by Philippe Myers and loses puck.
15:32 of 1st period - Icing by Marc Del Gaizo.
15:33 of 1st period - Philipp Kurashev wins face-off versus Kiefer Sherwood in Nashville Predators zone.
16:41 of 1st period - Off-side.
16:42 of 1st period - Kieffer Bellows wins face-off versus Sean Kuraly in neutral zone.
16:57 of 1st period - Sean Kuraly is hit by Samuel Girard and loses puck.
17:09 of 1st period - Dmitri Voronkov is hit by Roman Josi and loses puck.
17:22 of 1st period - Minor Penalty to Kieffer Bellows for Roughing.
17:23 of 1st period - Seth Jarvis wins face-off versus Corey Perry in Nashville Predators zone.
17:23 of 1st period - Seth Jarvis is hit by Corey Perry.
17:43 of 1st period - Shot by Corey Perry.
17:43 of 1st period - Shot Misses the Net.
17:45 of 1st period - Shot by Corey Perry.
17:45 of 1st period - Shot Misses the Net.
17:47 of 1st period - Shot by Corey Perry.
17:47 of 1st period - Shot Misses the Net.
17:49 of 1st period - Shot by Adam Boqvist.
17:49 of 1st period - Stopped by Casey DeSmith without a rebound.
17:50 of 1st period - Dmitri Voronkov wins face-off versus Filip Forsberg in Nashville Predators zone.
18:01 of 1st period - Shot by Jamie Drysdale.
18:01 of 1st period - Shot Misses the Net.
18:03 of 1st period - Shot by Jesse Puljujarvi.
18:03 of 1st period - Stopped by Casey DeSmith without a rebound.
18:04 of 1st period - Philipp Kurashev wins face-off versus Seth Jarvis in Nashville Predators zone.
18:05 of 1st period - Shot by John Klingberg.
18:05 of 1st period - Stopped by Casey DeSmith with a rebound.
18:07 of 1st period - Shot by Jacob Trouba.
18:07 of 1st period - Shot Misses the Net.
18:09 of 1st period - Shot by John Klingberg.
18:09 of 1st period - Shot Misses the Net.
18:11 of 1st period - Shot by John Klingberg.
18:11 of 1st period - Shot Misses the Net.
18:34 of 1st period - Off-side.
18:35 of 1st period - Seth Jarvis wins face-off versus Dmitri Voronkov in neutral zone.
18:41 of 1st period - Icing by Dmitri Voronkov.
18:42 of 1st period - Filip Forsberg wins face-off versus Dmitri Voronkov in Chicago Blackhawks zone.
18:42 of 1st period - Filip Forsberg is hit by Jakub Vrana.
18:46 of 1st period - Shot by Filip Forsberg.
18:46 of 1st period - Shot Misses the Net.
18:56 of 1st period - Shot by Dmitri Voronkov.
18:56 of 1st period - Shot Misses the Net.
18:58 of 1st period - Shot by Jakub Vrana.
18:58 of 1st period - Stopped by Casey DeSmith without a rebound.
18:59 of 1st period - Philipp Kurashev wins face-off versus Seth Jarvis in Nashville Predators zone.
19:10 of 1st period - Shot by Matt Duchene.
19:10 of 1st period - Shot Blocked by Jacob Trouba.
19:29 of 1st period - Corey Perry is hit by Marc Del Gaizo and loses puck.
19:57 of 1st period - Icing by Marc Del Gaizo.
19:58 of 1st period - Michael Rasmussen wins face-off versus Shane Wright in Nashville Predators zone.
Goals for this period are 1 for Nashville Predators vs 0 for Chicago Blackhawks.
Shots for this period are 18 for Nashville Predators vs 14 for Chicago Blackhawks.
2nd period
0:01 of 2nd period - Philipp Kurashev wins face-off versus Seth Jarvis in neutral zone.
0:04 of 2nd period - Shot by Tyler Bertuzzi.
0:04 of 2nd period - Stopped by Casey DeSmith without a rebound.
0:05 of 2nd period - Philipp Kurashev wins face-off versus Seth Jarvis in Nashville Predators zone.
0:05 of 2nd period - Philipp Kurashev is hit by Parker Wotherspoon.
0:19 of 2nd period - Shot by Viktor Arvidsson.
0:19 of 2nd period - Stopped by Casey DeSmith without a rebound.
0:20 of 2nd period - Steven Stamkos wins face-off versus Michael Rasmussen in Nashville Predators zone.
0:34 of 2nd period - Shot by Jakub Vrana.
0:34 of 2nd period - Stopped by Casey DeSmith without a rebound.
0:35 of 2nd period - Philipp Kurashev wins face-off versus Seth Jarvis in Nashville Predators zone.
0:40 of 2nd period - Shot by Viktor Arvidsson.
0:40 of 2nd period - Shot Misses the Net.
0:42 of 2nd period - Shot by Philipp Kurashev.
0:42 of 2nd period - Goal by Philipp Kurashev - Nashville Predators : 1 - Chicago Blackhawks : 1.
0:43 of 2nd period - Sean Kuraly wins face-off versus Steven Stamkos in neutral zone.
0:43 of 2nd period - Sean Kuraly is hit by Steven Stamkos.
0:53 of 2nd period - Shot by Kasperi Kapanen.
0:53 of 2nd period - Shot Misses the Net.
0:55 of 2nd period - Shot by Olli Maatta.
0:55 of 2nd period - Stopped by Casey DeSmith without a rebound.
0:56 of 2nd period - Seth Jarvis wins face-off versus Philipp Kurashev in Nashville Predators zone.
1:15 of 2nd period - Shot by Viktor Arvidsson.
1:15 of 2nd period - Stopped by Casey DeSmith without a rebound.
1:16 of 2nd period - Michael Rasmussen wins face-off versus Steven Stamkos in Nashville Predators zone.
1:23 of 2nd period - Shot by Jesse Puljujarvi.
1:23 of 2nd period - Stopped by Casey DeSmith without a rebound.
1:24 of 2nd period - Sean Kuraly wins face-off versus Kiefer Sherwood in Nashville Predators zone.
1:30 of 2nd period - Minor Penalty to Dmitri Voronkov for Slashing.
1:31 of 2nd period - Michael Rasmussen wins face-off versus Seth Jarvis in Chicago Blackhawks zone.
1:53 of 2nd period - Shot by Seth Jarvis.
1:53 of 2nd period - Shot Misses the Net.
2:25 of 2nd period - Off-side.
2:26 of 2nd period - Steven Stamkos wins face-off versus Michael Rasmussen in neutral zone.
3:29 of 2nd period - Shot by Seth Jarvis.
3:29 of 2nd period - Shot Blocked by Jamie Drysdale.
4:01 of 2nd period - Minor Penalty to Matt Rempe for Slashing.
4:02 of 2nd period - Philipp Kurashev wins face-off versus Kevin Fiala in Chicago Blackhawks zone.
5:01 of 2nd period - Icing by Matt Grzelcyk.
5:02 of 2nd period - Michael Rasmussen wins face-off versus Seth Jarvis in Nashville Predators zone.
5:30 of 2nd period - Roman Josi is hit by Kasperi Kapanen and loses puck.
5:47 of 2nd period - Shot by Kasperi Kapanen.
5:47 of 2nd period - Shot Misses the Net.
5:49 of 2nd period - Shot by Kasperi Kapanen.
5:49 of 2nd period - Stopped by Casey DeSmith without a rebound.
5:50 of 2nd period - Michael Rasmussen wins face-off versus Seth Jarvis in Nashville Predators zone.
6:01 of 2nd period - Shot by Seth Jarvis.
6:01 of 2nd period - Stopped by Arvid Soderblom without a rebound.
6:02 of 2nd period - Matt Rempe wins face-off versus Kiefer Sherwood in Chicago Blackhawks zone.
6:02 of 2nd period - Matt Rempe is hit by Kiefer Sherwood.
6:18 of 2nd period - Shot by Corey Perry.
6:18 of 2nd period - Stopped by Casey DeSmith without a rebound.
6:19 of 2nd period - Shane Wright wins face-off versus Jakub Vrana in Nashville Predators zone.
6:32 of 2nd period - Shot by Jesse Puljujarvi.
6:32 of 2nd period - Deflect By Jakub Vrana.
6:32 of 2nd period - Shot Misses the Net.
6:44 of 2nd period - Icing by Adam Wilsby.
6:45 of 2nd period - Corey Perry wins face-off versus Shane Wright in Nashville Predators zone.
6:56 of 2nd period - Shot by Corey Perry.
6:56 of 2nd period - Stopped by Casey DeSmith without a rebound.
6:57 of 2nd period - Dmitri Voronkov wins face-off versus Matt Duchene in Nashville Predators zone.
7:01 of 2nd period - Icing by Parker Wotherspoon.
7:02 of 2nd period - Seth Jarvis wins face-off versus Viktor Arvidsson in Nashville Predators zone.
7:04 of 2nd period - Icing by Matt Duchene.
7:05 of 2nd period - Seth Jarvis wins face-off versus Philipp Kurashev in Nashville Predators zone.
7:20 of 2nd period - Shot by Viktor Arvidsson.
7:20 of 2nd period - Shot Misses the Net.
7:32 of 2nd period - Shot by Viktor Arvidsson.
7:32 of 2nd period - Shot Misses the Net.
7:34 of 2nd period - Shot by Jacob Trouba.
7:34 of 2nd period - Shot Blocked by Matt Grzelcyk.
8:02 of 2nd period - Shot by Steven Stamkos.
8:02 of 2nd period - Shot Misses the Net.
8:04 of 2nd period - Shot by Samuel Girard.
8:04 of 2nd period - Shot Misses the Net.
8:10 of 2nd period - Shot by Kevin Fiala.
8:10 of 2nd period - Stopped by Arvid Soderblom without a rebound.
8:11 of 2nd period - Sean Kuraly wins face-off versus Kiefer Sherwood in Chicago Blackhawks zone.
9:01 of 2nd period - Shot by Zachary Bolduc.
9:01 of 2nd period - Stopped by Casey DeSmith without a rebound.
9:02 of 2nd period - Steven Stamkos wins face-off versus Philipp Kurashev in Nashville Predators zone.
9:04 of 2nd period - Minor Penalty to Viktor Arvidsson for Interference.
9:05 of 2nd period - Michael Rasmussen wins face-off versus Seth Jarvis in Chicago Blackhawks zone.
9:26 of 2nd period - Shot by Roman Josi.
9:26 of 2nd period - Stopped by Arvid Soderblom without a rebound.
9:27 of 2nd period - Philipp Kurashev wins face-off versus Steven Stamkos in Chicago Blackhawks zone.
9:52 of 2nd period - Shot by Steven Stamkos.
9:52 of 2nd period - Stopped by Arvid Soderblom without a rebound.
9:53 of 2nd period - Philipp Kurashev wins face-off versus Seth Jarvis in Chicago Blackhawks zone.
10:52 of 2nd period - Shot by Steven Stamkos.
10:52 of 2nd period - Stopped by Arvid Soderblom without a rebound.
10:53 of 2nd period - Steven Stamkos wins face-off versus Michael Rasmussen in Chicago Blackhawks zone.
11:30 of 2nd period - Shot by Tyler Bertuzzi.
11:30 of 2nd period - Shot Misses the Net.
11:32 of 2nd period - Shot by Tyler Bertuzzi.
11:32 of 2nd period - Stopped by Casey DeSmith without a rebound.
11:33 of 2nd period - Corey Perry wins face-off versus Shane Wright in Nashville Predators zone.
11:34 of 2nd period - Shot by Matt Rempe.
11:34 of 2nd period - Shot Misses the Net.
12:27 of 2nd period - Icing by Parker Wotherspoon.
12:28 of 2nd period - Michael Rasmussen wins face-off versus Cole Caufield in Nashville Predators zone.
12:33 of 2nd period - Shot by Jakub Vrana.
12:33 of 2nd period - Shot Misses the Net.
12:35 of 2nd period - Shot by Michael Rasmussen.
12:35 of 2nd period - Shot Misses the Net.
12:41 of 2nd period - Shot by Jakub Vrana.
12:41 of 2nd period - Goal by Jakub Vrana - Nashville Predators : 1 - Chicago Blackhawks : 2.
12:42 of 2nd period - Seth Jarvis wins face-off versus Philipp Kurashev in neutral zone.
13:23 of 2nd period - Minor Penalty to Jacob Trouba for Delaying the game.
13:24 of 2nd period - Steven Stamkos wins face-off versus Philipp Kurashev in Chicago Blackhawks zone.
14:15 of 2nd period - Adam Boqvist is hit by Seth Jarvis and loses puck.
14:24 of 2nd period - Shot by Filip Forsberg.
14:24 of 2nd period - Stopped by Arvid Soderblom with a rebound.
14:26 of 2nd period - Shot by Matt Duchene.
14:26 of 2nd period - Shot Misses the Net.
14:28 of 2nd period - Shot by Matt Grzelcyk.
14:28 of 2nd period - Stopped by Arvid Soderblom with a rebound.
14:30 of 2nd period - Shot by Parker Wotherspoon.
14:30 of 2nd period - Shot Blocked by Olli Maatta.
14:32 of 2nd period - Shot by Seth Jarvis.
14:32 of 2nd period - Stopped by Arvid Soderblom with a rebound.
14:46 of 2nd period - Shot by Steven Stamkos.
14:46 of 2nd period - Shot Misses the Net.
14:48 of 2nd period - Shot by Roman Josi.
14:48 of 2nd period - Shot Misses the Net.
14:50 of 2nd period - Shot by Roman Josi.
14:50 of 2nd period - Shot Misses the Net.
14:52 of 2nd period - Shot by Samuel Girard.
14:52 of 2nd period - Stopped by Arvid Soderblom without a rebound.
14:53 of 2nd period - Michael Rasmussen wins face-off versus Kiefer Sherwood in Chicago Blackhawks zone.
14:53 of 2nd period - Michael Rasmussen is hit by Kiefer Sherwood.
15:09 of 2nd period - Shot by Kevin Fiala.
15:09 of 2nd period - Shot Misses the Net.
15:13 of 2nd period - Shot by Kiefer Sherwood.
15:13 of 2nd period - Shot Misses the Net.
15:15 of 2nd period - Shot by Nino Niederreiter.
15:15 of 2nd period - Deflect By Kevin Fiala.
15:15 of 2nd period - Goal by Kevin Fiala - Nashville Predators : 2 - Chicago Blackhawks : 2.
15:16 of 2nd period - Shane Wright wins face-off versus Corey Perry in neutral zone.
15:16 of 2nd period - Shane Wright is hit by Matt Rempe.
15:35 of 2nd period - Icing by Zachary Bolduc.
15:36 of 2nd period - Kiefer Sherwood wins face-off versus Corey Perry in Chicago Blackhawks zone.
15:50 of 2nd period - Shot by Colin Blackwell.
15:50 of 2nd period - Shot Misses the Net.
16:12 of 2nd period - Kasperi Kapanen is hit by Kiefer Sherwood and loses puck.
16:34 of 2nd period - Kasperi Kapanen is hit by Samuel Girard and loses puck.
16:49 of 2nd period - Kiefer Sherwood is hit by Michael Rasmussen and loses puck.
16:54 of 2nd period - Jakub Vrana is hit by Kiefer Sherwood and loses puck.
17:07 of 2nd period - Shot by Jesse Puljujarvi.
17:07 of 2nd period - Stopped by Casey DeSmith without a rebound.
17:08 of 2nd period - Philipp Kurashev wins face-off versus Cole Caufield in Nashville Predators zone.
17:08 of 2nd period - Philipp Kurashev is hit by Adam Wilsby.
17:30 of 2nd period - Shot by Philipp Kurashev.
17:30 of 2nd period - Shot Misses the Net.
18:00 of 2nd period - Shot by Seth Jarvis.
18:00 of 2nd period - Shot Misses the Net.
18:08 of 2nd period - Shot by Matt Grzelcyk.
18:08 of 2nd period - Shot Blocked by Jacob Trouba.
18:16 of 2nd period - Shot by Seth Jarvis.
18:16 of 2nd period - Shot Misses the Net.
18:18 of 2nd period - Shot by Matt Duchene.
18:18 of 2nd period - Goal by Matt Duchene - Nashville Predators : 3 - Chicago Blackhawks : 2.
18:19 of 2nd period - Michael Rasmussen wins face-off versus Shane Wright in neutral zone.
18:26 of 2nd period - Adam Wilsby is hit by Jesse Puljujarvi and loses puck.
19:24 of 2nd period - Shot by Steven Stamkos.
19:24 of 2nd period - Goal by Steven Stamkos - Nashville Predators : 4 - Chicago Blackhawks : 2.
19:25 of 2nd period - Sean Kuraly wins face-off versus Seth Jarvis in neutral zone.
19:33 of 2nd period - Icing by Samuel Girard.
19:34 of 2nd period - Seth Jarvis wins face-off versus Sean Kuraly in Nashville Predators zone.
19:57 of 2nd period - Shot by Matt Duchene.
19:57 of 2nd period - Deflect By Filip Forsberg.
19:57 of 2nd period - Stopped by Arvid Soderblom without a rebound.
19:58 of 2nd period - Steven Stamkos wins face-off versus Michael Rasmussen in Chicago Blackhawks zone.
Goals for this period are 3 for Nashville Predators vs 2 for Chicago Blackhawks.
Shots for this period are 13 for Nashville Predators vs 14 for Chicago Blackhawks.
3rd period
0:01 of 3rd period - Steven Stamkos wins face-off versus Michael Rasmussen in neutral zone.
0:21 of 3rd period - Cole Caufield is hit by Jacob Trouba.
0:52 of 3rd period - Shot by Philipp Kurashev.
0:52 of 3rd period - Stopped by Casey DeSmith without a rebound.
0:53 of 3rd period - Sean Kuraly wins face-off versus Kiefer Sherwood in Nashville Predators zone.
0:56 of 3rd period - Shot by Philippe Myers.
0:56 of 3rd period - Stopped by Casey DeSmith without a rebound.
0:57 of 3rd period - Sean Kuraly wins face-off versus Seth Jarvis in Nashville Predators zone.
1:32 of 3rd period - Shot by Seth Jarvis.
1:32 of 3rd period - Stopped by Arvid Soderblom without a rebound.
1:33 of 3rd period - Kiefer Sherwood wins face-off versus Philipp Kurashev in Chicago Blackhawks zone.
2:32 of 3rd period - Shot by Kevin Fiala.
2:32 of 3rd period - Shot Hit the Post.
2:53 of 3rd period - Shot by Zachary Bolduc.
2:53 of 3rd period - Shot Misses the Net.
2:55 of 3rd period - Shot by Zachary Bolduc.
2:55 of 3rd period - Shot Misses the Net.
3:56 of 3rd period - Shot by Seth Jarvis.
3:56 of 3rd period - Deflect By Filip Forsberg.
3:56 of 3rd period - Stopped by Arvid Soderblom without a rebound.
3:57 of 3rd period - Philipp Kurashev wins face-off versus Kiefer Sherwood in Chicago Blackhawks zone.
4:02 of 3rd period - Shot by Viktor Arvidsson.
4:02 of 3rd period - Shot Misses the Net.
4:20 of 3rd period - Shot by Viktor Arvidsson.
4:20 of 3rd period - Deflect By Tyler Bertuzzi.
4:20 of 3rd period - Shot Blocked by Adam Wilsby.
4:21 of 3rd period - Minor Penalty to Adam Wilsby for High sticking.
4:22 of 3rd period - Dmitri Voronkov wins face-off versus Seth Jarvis in Nashville Predators zone.
4:27 of 3rd period - Shot by Jakub Vrana.
4:27 of 3rd period - Stopped by Casey DeSmith with a rebound.
4:51 of 3rd period - Shot by Dmitri Voronkov.
4:51 of 3rd period - Stopped by Casey DeSmith with a rebound.
5:07 of 3rd period - Tyler Bertuzzi is hit by Seth Jarvis and loses puck.
5:41 of 3rd period - Icing by Jamie Drysdale.
5:42 of 3rd period - Jesse Puljujarvi wins face-off versus Filip Forsberg in Chicago Blackhawks zone.
5:42 of 3rd period - Jesse Puljujarvi is hit by Filip Forsberg.
6:30 of 3rd period - Shot by Kiefer Sherwood.
6:30 of 3rd period - Shot Misses the Net.
6:32 of 3rd period - Shot by Colin Blackwell.
6:32 of 3rd period - Shot Blocked by John Klingberg.
6:34 of 3rd period - Shot by Colin Blackwell.
6:34 of 3rd period - Shot Hit the Post.
6:36 of 3rd period - Shot by Roman Josi.
6:36 of 3rd period - Stopped by Arvid Soderblom without a rebound.
6:37 of 3rd period - Shane Wright wins face-off versus Corey Perry in Chicago Blackhawks zone.
6:56 of 3rd period - Shot by Zachary Bolduc.
6:56 of 3rd period - Shot Misses the Net.
6:58 of 3rd period - Shot by Zachary Bolduc.
6:58 of 3rd period - Deflect By Matt Rempe.
6:58 of 3rd period - Stopped by Casey DeSmith with a rebound.
7:09 of 3rd period - Icing by Shane Wright.
7:10 of 3rd period - Sean Kuraly wins face-off versus Kieffer Bellows in Nashville Predators zone.
7:17 of 3rd period - Shot by Dmitri Voronkov.
7:17 of 3rd period - Stopped by Casey DeSmith without a rebound.
7:18 of 3rd period - Steven Stamkos wins face-off versus Philipp Kurashev in Nashville Predators zone.
7:41 of 3rd period - Shot by Viktor Arvidsson.
7:41 of 3rd period - Deflect By Tyler Bertuzzi.
7:41 of 3rd period - Stopped by Casey DeSmith without a rebound.
7:42 of 3rd period - Sean Kuraly wins face-off versus Seth Jarvis in Nashville Predators zone.
8:27 of 3rd period - Philippe Myers is hit by Seth Jarvis and loses puck.
9:08 of 3rd period - Icing by Jacob Trouba.
9:09 of 3rd period - Michael Rasmussen wins face-off versus Steven Stamkos in Chicago Blackhawks zone.
9:17 of 3rd period - Off-side.
9:18 of 3rd period - Philipp Kurashev wins face-off versus Kiefer Sherwood in neutral zone.
9:45 of 3rd period - Minor Penalty to Adam Boqvist for Interference.
9:46 of 3rd period - Michael Rasmussen wins face-off versus Kevin Fiala in Chicago Blackhawks zone.
10:08 of 3rd period - Shot by Matt Grzelcyk.
10:08 of 3rd period - Shot Misses the Net.
10:48 of 3rd period - Shot by Roman Josi.
10:48 of 3rd period - Stopped by Arvid Soderblom without a rebound.
10:49 of 3rd period - Viktor Arvidsson wins face-off versus Steven Stamkos in Chicago Blackhawks zone.
11:02 of 3rd period - Shot by Steven Stamkos.
11:02 of 3rd period - Shot Misses the Net.
11:04 of 3rd period - Shot by Parker Wotherspoon.
11:04 of 3rd period - Stopped by Arvid Soderblom without a rebound.
11:05 of 3rd period - Seth Jarvis wins face-off versus Michael Rasmussen in Chicago Blackhawks zone.
11:20 of 3rd period - Shot by Seth Jarvis.
11:20 of 3rd period - Stopped by Arvid Soderblom without a rebound.
11:21 of 3rd period - Michael Rasmussen wins face-off versus Steven Stamkos in Chicago Blackhawks zone.
11:46 of 3rd period - Shot by Kevin Fiala.
11:46 of 3rd period - Shot Misses the Net.
11:56 of 3rd period - Shot by Jesse Puljujarvi.
11:56 of 3rd period - Stopped by Casey DeSmith without a rebound.
11:57 of 3rd period - Kiefer Sherwood wins face-off versus Corey Perry in Nashville Predators zone.
12:10 of 3rd period - Shot by Nino Niederreiter.
12:10 of 3rd period - Stopped by Arvid Soderblom without a rebound.
12:11 of 3rd period - Sean Kuraly wins face-off versus Shane Wright in Chicago Blackhawks zone.
12:17 of 3rd period - Off-side.
12:18 of 3rd period - Matt Duchene wins face-off versus Philipp Kurashev in neutral zone.
12:24 of 3rd period - Minor Penalty to Philippe Myers for Hooking.
12:25 of 3rd period - Seth Jarvis wins face-off versus Kasperi Kapanen in Chicago Blackhawks zone.
12:53 of 3rd period - Seth Jarvis is hit by Olli Maatta and loses puck.
13:09 of 3rd period - Icing by Roman Josi.
13:10 of 3rd period - Michael Rasmussen wins face-off versus Steven Stamkos in Nashville Predators zone.
13:26 of 3rd period - Off-side.
13:27 of 3rd period - Michael Rasmussen wins face-off versus Cole Caufield in neutral zone.
13:35 of 3rd period - Icing by Kevin Fiala.
13:36 of 3rd period - Steven Stamkos wins face-off versus Michael Rasmussen in Nashville Predators zone.
13:36 of 3rd period - Steven Stamkos is hit by Michael Rasmussen.
13:44 of 3rd period - Shot by Roman Josi.
13:44 of 3rd period - Stopped by Arvid Soderblom without a rebound.
13:45 of 3rd period - Seth Jarvis wins face-off versus Philipp Kurashev in Chicago Blackhawks zone.
13:48 of 3rd period - Shot by Matt Duchene.
13:48 of 3rd period - Shot Misses the Net.
13:50 of 3rd period - Shot by Filip Forsberg.
13:50 of 3rd period - Stopped by Arvid Soderblom without a rebound.
13:51 of 3rd period - Seth Jarvis wins face-off versus Philipp Kurashev in Chicago Blackhawks zone.
14:04 of 3rd period - Shot by Filip Forsberg.
14:04 of 3rd period - Stopped by Arvid Soderblom without a rebound.
14:05 of 3rd period - Michael Rasmussen wins face-off versus Steven Stamkos in Chicago Blackhawks zone.
14:05 of 3rd period - Michael Rasmussen is hit by Kevin Fiala.
14:51 of 3rd period - Zachary Bolduc is hit by Marc Del Gaizo and loses puck.
15:30 of 3rd period - Shot by Seth Jarvis.
15:30 of 3rd period - Deflect By Matt Duchene.
15:30 of 3rd period - Stopped by Arvid Soderblom with a rebound.
15:32 of 3rd period - Shot by Seth Jarvis.
15:32 of 3rd period - Deflect By Filip Forsberg.
15:32 of 3rd period - Shot Misses the Net.
15:36 of 3rd period - Shot by Seth Jarvis.
15:36 of 3rd period - Shot Misses the Net.
15:38 of 3rd period - Shot by Filip Forsberg.
15:38 of 3rd period - Stopped by Arvid Soderblom with a rebound.
16:04 of 3rd period - Shot by Steven Stamkos.
16:04 of 3rd period - Shot Misses the Net.
17:19 of 3rd period - Icing by John Klingberg.
17:20 of 3rd period - Philipp Kurashev wins face-off versus Seth Jarvis in Chicago Blackhawks zone.
17:26 of 3rd period - Minor Penalty to Seth Jarvis for Tripping.
17:27 of 3rd period - Philipp Kurashev wins face-off versus Steven Stamkos in Nashville Predators zone.
17:30 of 3rd period - Shot by Tyler Bertuzzi.
17:30 of 3rd period - Shot Misses the Net.
17:32 of 3rd period - Shot by Tyler Bertuzzi.
17:32 of 3rd period - Shot Misses the Net.
17:34 of 3rd period - Shot by Jacob Trouba.
17:34 of 3rd period - Stopped by Casey DeSmith without a rebound.
17:35 of 3rd period - Steven Stamkos wins face-off versus Dmitri Voronkov in Nashville Predators zone.
17:41 of 3rd period - Icing by Michael Rasmussen.
17:42 of 3rd period - Dmitri Voronkov wins face-off versus Shane Wright in Chicago Blackhawks zone.
19:29 of 3rd period - Shot by Colin Blackwell.
19:29 of 3rd period - Stopped by Arvid Soderblom without a rebound.
19:30 of 3rd period - Kiefer Sherwood wins face-off versus Corey Perry in Chicago Blackhawks zone.
19:52 of 3rd period - Shot by Zachary Bolduc.
19:52 of 3rd period - Shot Misses the Net.
19:54 of 3rd period - Shot by Jacob Trouba.
19:54 of 3rd period - Stopped by Casey DeSmith with a rebound.
19:56 of 3rd period - Shot by Zachary Bolduc.
19:56 of 3rd period - Stopped by Casey DeSmith without a rebound.
19:57 of 3rd period - Philipp Kurashev wins face-off versus Shane Wright in Nashville Predators zone.
Goals for this period are 0 for Nashville Predators vs 0 for Chicago Blackhawks.
Shots for this period are 13 for Nashville Predators vs 11 for Chicago Blackhawks.
Back to the Top